 Dungeon Crawl Stone Soup version 0.18-a0-739-gdae9da8 (webtiles) character file.

398078 George the Bludgeoner (level 23, -11/168 HPs)
             Began as a Gargoyle Fighter on Dec 9, 2015.
             Was the Champion of Okawaru.
             Killed from afar by a tengu reaver (33 damage)
             ... with a bolt of magma
             ... led by Sojobo
             ... on level 3 of the Crypt on Dec 10, 2015.
             The game lasted 03:18:42 (56492 turns).

George the Bludgeoner (Gargoyle Fighter)           Turns: 56492, Time: 03:18:42

Health: -11/168    AC: 39    Str: 33    XL:     23   Next: 24%
Magic:  24/30      EV: 27    Int:  5    God:    Okawaru [******]
Gold:   6332       SH: 21    Dex: 19    Spells: 4 memorised, 17 levels left

rFire  + . .     SeeInvis +     A - +2 eveningstar (crush)
rCold  + + .     Clarity  .     n - +1 ring mail of Birdsong {rF+ Regen+ SInv}
rNeg   + + .     SustAt   .     t - +2 shield of Waelal {rElec Str+7}
rPois  ∞         Gourm    .     v - +1 hat {MR+}
rElec  +         Spirit   .     Q - +4 cloak "Ipniudd" {rCorr Int-4 Dex+5}
rCorr  +         Dismiss  .     B - +0 pair of gloves {rC+}
rMut   .         Stasis   .     D - +0 pair of boots
MR     ++...                    Y - amulet "Qukkueck" {Faith rC+}
Stlth  +++.......               z - +5 ring of slaying
                                y - ring of the Hundredfold Orbs {rPois rN+ Str+5 Int-2} (curse)

@: heroism, finesse, flying, studying Maces & Flails, very resistant to hostile
enchantments, fairly stealthy
A: big wings, claws 1, repulsion field 1, camouflage 1, clumsy 1, negative
energy resistance 1, robust 1, electricity resistance, unbreathing,
petrification resistance, rot immunity, AC +17
a: Stop Flying, Heroism, Finesse, Renounce Religion
}: 2/15 runes: decaying, gossamer


You were on level 3 of the Crypt.
You worshipped Okawaru.
Okawaru was exalted by your worship.
You were not hungry.

You visited 9 branches of the dungeon, and saw 46 of its levels.
You also visited: Labyrinth, Sewer and Ice Cave.

You collected 6452 gold pieces.
You spent 120 gold pieces at shops.

Inventory:

Hand Weapons
 A - a +2 eveningstar of crushing (weapon)
 S - a +6 eveningstar of protection
Armour
 k - the +7 ring mail of the Seven Wishes {rF++}
   (You found it on level 12 of the Dungeon)

   It greatly protects you from fire.
 n - the +1 ring mail of Birdsong (worn) {rF+ Regen+ SInv}
   (Okawaru gifted it to you on level 1 of the Swamp)

   It protects you from fire.
   It lets you see invisible.
   It increases your rate of regeneration.
 t - the +2 shield of Waelal (worn) {rElec Str+7}
   (You took it off Donald on level 3 of the Swamp)

   It affects your strength (+7).
   It insulates you from electricity.
 v - a +1 hat of magic resistance (worn)
 B - a +0 pair of gloves of cold resistance (worn)
 D - a +0 pair of boots (worn)
 F - a +1 hat of cold resistance
 Q - the +4 cloak "Ipniudd" (worn) {rCorr Int-4 Dex+5}
   (Okawaru gifted it to you on level 5 of the Lair of Beasts)

   It affects your intelligence (-4).
   It affects your dexterity (+5).
   It protects you from acid and corrosion.
Jewellery
 s - an uncursed ring of positive energy
 y - the cursed ring of the Hundredfold Orbs (left hand) {rPois rN+ Str+5 Int-2}
   (You found it on level 2 of the Crypt)

   [ring of intelligence]

   It affects your strength (+5).
   It affects your intelligence (-2).
   It protects you from poison.
   It protects you from negative energy.
   It has a curse placed upon it.
 z - a +5 ring of slaying (right hand)
 E - the ring of the Hero {MP+9 Str+4 SInv}
   (You acquired it on level 2 of the Spider Nest)

   [ring of strength]

   It affects your strength (+4).
   It affects your magic capacity (+9).
   It lets you see invisible.
 P - an uncursed ring of protection from fire
 Y - the amulet "Qukkueck" (around neck) {Faith rC+}
   (You found it on level 9 of the Dungeon)

   [amulet of faith]

   It allows you to gain divine favour quickly.
   It protects you from cold.
Wands
 C - a wand of digging (11)
 V - a wand of hasting (5)
Scrolls
 d - 2 scrolls of summoning
 f - 9 scrolls of enchant armour
 g - 9 scrolls of enchant weapon
 h - 12 scrolls of remove curse
 j - 7 scrolls of fog
 m - 13 scrolls of teleportation
 r - 6 scrolls of fear
 G - 10 scrolls of recharging
 H - 10 scrolls of identify
 L - a scroll of silence
 O - 2 scrolls of blinking
Potions
 a - 6 potions of haste
 b - 2 potions of cure mutation
 i - 11 potions of heal wounds
 q - 3 potions of cancellation
 K - a potion of resistance
 M - 27 potions of curing
 N - 10 potions of might
 R - 8 potions of agility
 T - 3 potions of magic
Books
 w - a manual of Maces & Flails
Miscellaneous
 c - a fan of gales
 U - a phial of floods
Comestibles
 e - 26 bread rations
 l - 19 meat rations
 o - 48 fruits
 p - 9 royal jellies
 X - 4 slices of pizza
 Z - 12 beef jerkies


   Skills:
 + Level 18.5(23.5) Fighting
 + Level 20.0(25.0) Maces & Flails
 + Level 18.4(23.4) Armour
 + Level 11.1(16.1) Dodging
 + Level 18.3(23.3) Shields
 + Level 2.9 Spellcasting
 + Level 6.1 Hexes
 + Level 6.1 Charms
 + Level 5.3 Necromancy
 + Level 5.3 Air Magic
 - Level 9.6 Invocations


You had 17 spell levels left.
You knew the following spells:

 Your Spells              Type           Power        Failure   Level  Hunger
a - Regeneration          Chrm/Necr      #.........   17%         3    ####...
b - Spectral Weapon       Hex/Chrm       #.......     14%         3    ####...
c - Repel Missiles        Chrm/Air       #.....       10%         2    ###....
d - Swiftness             Chrm/Air       #.......     10%         2    ###....


Dungeon Overview and Level Annotations

Branches:
Dungeon (15/15)            Temple (1/1) D:6            Lair (8/8) D:8
  Swamp (4/4) Lair:5       Spider (4/4) Lair:5        Slime (0/6) Lair:7
    Orc (4/4) D:12            Elf (3/3) Orc:4        Vaults (4/5) D:14
  Crypt (3/3) Vaults:3     Depths (0/5) D:15
   Tomb: Crypt:3

Altars:
Ashenzari
Cheibriados
Dithmenos
Elyvilon
Fedhas
Gozag
Kikubaaqudgha
Makhleb
Nemelex Xobeh
Okawaru
Pakellas
Qazlal
Ru
Sif Muna
Trog
Vehumet
Xom
Yredelemnul
Zin
The Shining One
Beogh
Jiyva

Shops:
D:5 ?}}*   D:10 ?   D:12 :   D:13 }   Orc:4 :%**   Elf:1 !   Vaults:2 (
Vaults:3 =

Portals:
Hell: Lair:8

Annotations:
Crypt:3 Sojobo


Innate Abilities, Weirdness & Mutations

You are resistant to torment.
Your stone body is resilient (AC +17).
You are immune to poison.
Your large and strong wings let you fly indefinitely.
You resist negative energy.
You are resistant to electric shocks.
You can survive without breathing.
You are immune to petrification.
You are immune to rotting.
You have sharp fingernails.
You are surrounded by a mild repulsion field (EV +2).
Your skin changes colour to match your surroundings (Stealth).
You are clumsy. (Dex -2)
You are robust (+10% HP).


Message History

You completely miss Sojobo.
Sojobo is severely wounded.
You block Sojobo's attack. Sojobo completely misses you.
You block Sojobo's attack.
You miss Sojobo.
Sojobo is severely wounded.
The tengu reaver completely misses you. You block the tengu reaver's attack.
The tengu reaver closely misses you.
You miss Sojobo.
Sojobo is severely wounded.
You hit Sojobo.
Sojobo is severely wounded.
You block Sojobo's attack. Sojobo pecks you.
* * * LOW HITPOINT WARNING * * *
Sojobo claws you but does no damage.
You closely miss Sojobo.
Sojobo is severely wounded.
The tengu reaver casts a spell at you. The bolt of magma hits you!
You partially resist.
You die...

...######## ........#≈≈≈≈≈≈≈≈≈≈≈≈
...#[).:|(# .......#≈≈≈≈≈≈≈≈≈≈≈≈
##'##(.[(## #......###+###'#≈≈≈≈
#..)##)'## ......#.......#≈≈≈≈
###.#....# ####E*...#.......#≈≈≈≈
..###....###.....*..'....../#≈≈≈≈
....#...^#.....L....#......†)≈≈≈≈
....##''##....###Q..#......)#≈≈≈≈
#.###⌠..⌠### ##.@).###+#....#≈≈≈≈
###........###...Q## ######≈≈≈≈
.#.⌠..._..⌠.#....## #≈≈≈≈
.##........##...## #≈≈≈≈
..###⌠..⌠###...## #≈≈≈≈
....##..##....## #≈≈≈≈
#............## #≈≈≈≈
##..........## #≈≈≈≈
.##........## #≈≈≈≈


You could see Sojobo, a tengu reaver and a battlesphere.

Vanquished Creatures
  Mara (Spider:4)
  An ancient lich (Crypt:3)
  The ghost of patman the Tortoise, a veteran CeBe of Trog (Elf:2)
  Nikola (Swamp:1)
  3 liches
  Arachne (Spider:4)
  2 deep elf blademasters (Elf:3)
  2 deep elf master archers (Elf:3)
  2 ancient champions
  Gastronok (Orc:1)
  Kirke (Lair:6)
  2 thorn hunters
  2 tengu reavers
  Roxanne (Spider:1)
  3 fire giants
  2 revenants (Crypt:2)
  Donald (Swamp:3)
  6 ghost moths
  4 deep elf sorcerers
  Maud (Lair:8)
  8 vault wardens
  7 emperor scorpions
  A curse skull (Crypt:1)
  2 ghouls
  3 war gargoyles (Crypt:3)
  9 ironheart preservers
  3 vampire knights
  3 stone giants
  A reaper (Crypt:2)
  5 very ugly things
  2 salamander stormcallers (Vaults:1)
  A large abomination (Elf:2)
  11 deep elf demonologists
  6 deep elf annihilators (Elf:3)
  3 spark wasps
  2 dire elephants (Lair:8)
  3 eidola (Crypt:1)
  A crystal guardian (Crypt:3)
  13 vault guards
  3 yaktaur captains
  3 great orbs of eyes
  3 deep elf high priests (Elf:3)
  An ettin (Vaults:4)
  5 fire dragons
  A minotaur (Lab)
  4 deep elf death magi
  3 jiangshi
  3 ice dragons
  5 entropy weavers
  25 hydras
  A ghost crab (shapeshifter) (Elf:3)
  7 centaur warriors
  2 ghost crabs
  A death knight (Crypt:2)
  Erica (Lair:2)
  6 ogre magi
  17 dancing weapons
  A deep troll earth mage (Vaults:2)
  3 deep troll shamans (Vaults:2)
  Erolcha (D:9)
  9 alligators
  2 vampire magi (Crypt:2)
  Urug (D:10)
  A hell hog (shapeshifter) (Vaults:4)
  3 orc high priests (Orc:4)
  6 hell knights (Crypt:3)
  A storm dragon zombie (Crypt:1)
  2 soul eaters
  32 deep elf knights
  A fire crab (Vaults:3)
  A titan skeleton (Crypt:3)
  A ghost moth zombie (Crypt:1)
  A sun demon (Lair:8)
  A shadow wraith (Vaults:4)
  2 unseen horrors
  27 skeletal warriors
  A golden dragon zombie (Crypt:3)
  6 deep trolls
  11 swamp dragons
  2 phantasmal warriors (Crypt:2)
  5 shambling mangroves
  8 deep elf summoners
  A giant orange brain (Vaults:1)
  A lindwurm (shapeshifter) (Vaults:2)
  33 ugly things
  3 flayed ghosts
  Pikel (D:7)
  A harpy (shapeshifter) (Elf:3)
  3 hill giants
  8 harpies
  12 orb spiders
  14 ironbrand convokers
  11 deep elf conjurers
  A wolf spider (shapeshifter) (Vaults:3)
  2 wizards
  5 orc sorcerers
  17 orc knights
  5 cyclopes
  9 griffons
  A fire giant zombie (Crypt:3)
  13 hornets
  2 moths of wrath
  A salamander (shapeshifter) (Vaults:3)
  26 elephants
  5 human zombies
  An oklob plant (Orc:1)
  33 wolf spiders
  8 necromancers
  2 manticores (D:14)
  2 black mambas
  A sixfirhy (Lair:8)
  3 salamanders (Vaults:1)
  The ghost of Alethiolet the Slinger, a novice HaHu of Okawaru (D:6)
  12 vault sentinels
  The ghost of George the Basher, a novice GrFi (D:5)
  2 frost giant skeletons
  A fire giant skeleton (Vaults:2)
  Maurice (D:10)
  Joseph (D:7)
  A guardian serpent (shapeshifter) (Vaults:1)
  A shock serpent zombie (Crypt:2)
  2 ice statues (IceCv)
  A smoke demon (Lair:8)
  3 torpor snails
  An orange demon (Lair:8)
  Psyche (D:9)
  18 spiny frogs
  A gargoyle (D:13)
  11 yaktaurs
  10 komodo dragons
  5 kobold demonologists
  A yaktaur zombie (Vaults:2)
  A storm dragon simulacrum (Vaults:2)
  13 demonic crawlers
  A sea snake skeleton (Crypt:1)
  4 fire drakes
  A fire drake (shapeshifter) (Vaults:2)
  2 red devils (Lair:8)
  11 trolls
  35 jumping spiders
  2 tengu conjurers
  10 ice devils
  3 human skeletons (Vaults:3)
  A queen ant zombie (Crypt:1)
  4 freezing wraiths
  18 two-headed ogres
  3 human simulacra
  A tengu simulacrum (Vaults:3)
  2 death yak skeletons (Crypt:2)
  11 deep elf priests
  6 giant leeches
  A wind drake (shapeshifter) (Vaults:3)
  24 blink frogs
  A polar bear (Lair:7)
  Prince Ribbit (D:7)
  6 boulder beetles
  A harpy skeleton (D:15)
  8 bog bodies
  15 slime creatures
  A trapdoor spider zombie (Crypt:1)
  An iron dragon simulacrum (Crypt:1)
  59 redbacks
  33 flying skulls (Crypt:3)
  2 wyverns
  2 trapdoor spiders (shapeshifter)
  33 deep elf magi
  33 tarantellas
  A human (shapeshifter) (Vaults:4)
  4 shadows
  30 trapdoor spiders
  38 deep elf fighters
  4 hogs (Lair:6)
  5 spriggans
  A water elemental (D:15)
  6 wraiths
  28 vampire mosquitoes
  A vampire (Crypt:1)
  40 yaks
  3 basilisks
  A steam dragon (D:15)
  5 wargs
  A basilisk (shapeshifter) (Vaults:2)
  12 hippogriffs
  3 hungry ghosts
  33 wolves
  A yaktaur simulacrum (Vaults:2)
  9 insubstantial wisps (Swamp:1)
  17 water moccasins
  An emperor scorpion simulacrum (Crypt:1)
  A deep troll zombie (Crypt:1)
  2 hell hounds (Lair:8)
  3 mottled dragons
  2 soldier ants
  19 swamp worms
  12 porcupines
  2 black bears (shapeshifter)
  42 orc warriors
  3 black bears
  11 swamp drakes
  An ettin simulacrum (Vaults:3)
  7 wasps
  An eye of draining (D:8)
  4 necrophages
  2 sky beasts
  17 ice beasts
  A slave (D:7)
  The ghost of nublet the Skirmisher, an amateur CeFi (D:3)
  33 ogres
  16 crocodiles
  6 phantoms
  13 centaurs
  28 giant frogs
  6 big kobolds
  A wyvern zombie (D:8)
  A wyvern skeleton (Crypt:2)
  34 scorpions
  A scorpion (shapeshifter) (Elf:3)
  15 killer bees
  8 wights (D:9)
  A lava snake (Lair:6)
  A spriggan skeleton (Crypt:3)
  11 crimson imps
  6 electric eels
  7 jellies
  3 giant frog zombies
  3 centaur zombies
  38 orc priests
  4 giant frog skeletons
  6 hounds
  A wasp zombie (D:7)
  8 iguanas
  36 orc wizards
  4 centaur skeletons
  8 worker ants
  Natasha (D:3)
  A gnoll shaman (D:5)
  A killer bee zombie (D:10)
  A big kobold zombie (Crypt:1)
  22 sheep
  A deep dwarf zombie (Crypt:1)
  2 ogre zombies (Orc:2)
  A hound zombie (D:11)
  A mottled dragon skeleton (Crypt:2)
  A hound skeleton (D:11)
  13 adders
  10 gnolls
  A steam dragon skeleton (Crypt:1)
  3 shadow imps
  64 river rats
  9 white imps (IceCv)
  4 ufetubi (IceCv)
  6 oozes
  An adder zombie (D:5)
  An adder skeleton (D:7)
  3 worms
  3 giant geckos
  205 orcs
  11 bats
  9 hobgoblins
  12 jackals
  28 kobolds
  8 quokkas
  9 ball pythons
  6 giant cockroaches
  A giant cockroach zombie (D:5)
  A giant gecko skeleton (D:4)
  4 giant newts
  A giant newt skeleton (Crypt:2)
  8 goblins
  A jackal skeleton (D:5)
  A jackal zombie (Crypt:2)
  A kobold zombie (Crypt:1)
  24 rats
  A plant (D:8)
2147 creatures vanquished.

Vanquished Creatures (collateral kills)
  An iguana (Lair:2)
1 creature vanquished.

Vanquished Creatures (others)
  Asterion (Spider:4)
  2 orb spiders (Spider:2)
  A griffon (Vaults:3)
  A shadow (Swamp:1)
  A deep elf fighter (Elf:2)
  A deep elf mage (Elf:3)
  A redback (Spider:4)
  A human (Lair:7)
  A swamp worm (Swamp:1)
  A swamp drake (Swamp:4)
  An orc wizard (Orc:4)
  4 ufetubi (IceCv)
  An orc (Vaults:4)
  4 briar patches
  15 fungi
  5 lost souls (Crypt:3)
  6 plants (Lair:7)
47 creatures vanquished.

Grand Total: 2195 creatures vanquished

Notes
Turn   | Place    | Note
--------------------------------------------------------------
     0 | D:1      | George the Gargoyle Fighter began the quest for the Orb.
     0 | D:1      | Reached XP level 1. HP: 14/14 MP: 1/1
    86 | D:1      | Reached XP level 2. HP: 9/19 MP: 2/2
   673 | D:1      | Reached XP level 3. HP: 20/23 MP: 3/3
  1061 | D:2      | Reached skill level 4 in Maces & Flails
  1241 | D:2      | Reached XP level 4. HP: 28/28 MP: 4/4
  1870 | D:3      | Noticed Natasha
  1895 | D:3      | Killed Natasha
  1895 | D:3      | Reached skill level 5 in Maces & Flails
  1895 | D:3      | Reached XP level 5. HP: 24/32 MP: 5/5
  1907 | D:3      | Found a glowing silver altar of Zin.
  2156 | D:3      | Noticed nublet's ghost (amateur CeFi)
  2182 | D:3      | Killed nublet's ghost
  2182 | D:3      | Reached skill level 6 in Maces & Flails
  2182 | D:3      | Reached XP level 6. HP: 28/37 MP: 4/6
  2319 | D:3      | Found an oddly glowing altar of Pakellas.
  2541 | D:4      | Found a shadowy altar of Dithmenos.
  2541 | D:4      | Found a stormy altar of Qazlal.
  2644 | D:4      | Reached skill level 7 in Maces & Flails
  2874 | D:5      | Entered Level 5 of the Dungeon
  2874 | D:5      | Noticed George's ghost (novice GrFi)
  2903 | D:4      | Reached XP level 7. HP: 35/41 MP: 7/7
  3352 | D:5      | Found Yfy Omet's Gadget Emporium.
  3411 | D:5      | Reached skill level 8 in Maces & Flails
  3443 | D:5      | Found Dudaniv's Gadget Boutique.
  4050 | D:5      | Killed George's ghost
  4050 | D:5      | Reached skill level 9 in Maces & Flails
  4050 | D:5      | Reached XP level 8. HP: 23/46 MP: 4/8
  4063 | D:5      | Found Dikazeno's Magic Scroll Emporium.
  4426 | D:5      | Found Fuafiad's Assorted Antiques.
  4625 | D:6      | Noticed Alethiolet's ghost (novice HaHu)
  4667 | D:6      | Killed Alethiolet's ghost
  4667 | D:6      | Reached skill level 10 in Maces & Flails
  4721 | D:6      | Found a glowing drain.
  4747 | Sewer    | Entered a sewer
  4928 | Sewer    | Reached skill level 11 in Maces & Flails
  5048 | Sewer    | Reached XP level 9. HP: 49/51 MP: 9/9
  5695 | D:6      | Found a staircase to the Ecumenical Temple.
  5705 | Temple   | Entered the Ecumenical Temple
  5790 | Temple   | Became a worshipper of Warmaster Okawaru
  6229 | D:7      | Reached skill level 1 in Invocations
  6256 | D:7      | Noticed Joseph
  6523 | D:7      | Killed Joseph
  6523 | D:7      | Reached skill level 12 in Maces & Flails
  6927 | D:7      | Reached * piety under Okawaru
  7257 | D:7      | Found a snail-covered altar of Cheibriados.
  7318 | D:7      | Reached XP level 10. HP: 46/58 MP: 8/12
  7340 | D:7      | Reached skill level 5 in Shields
  7345 | D:7      | Reached skill level 5 in Fighting
  7388 | D:7      | Noticed Pikel
  7410 | D:7      | Killed Pikel
  7410 | D:7      | Reached ** piety under Okawaru
  7410 | D:7      | Reached skill level 5 in Armour
  7509 | D:7      | Noticed Prince Ribbit
  7570 | D:7      | Killed Prince Ribbit
  7854 | D:8      | Found a staircase to the Lair.
  8498 | D:8      | Reached *** piety under Okawaru
  8880 | D:9      | Noticed Erolcha
  8920 | D:9      | Got a coiled diamond amulet
  8922 | D:9      | Identified the amulet "Qukkueck" {Faith rC+} (You found it on level 9 of the Dungeon)
  9346 | D:9      | Noticed Psyche
  9365 | D:9      | Killed Psyche
  9365 | D:9      | Reached **** piety under Okawaru
  9365 | D:9      | Reached skill level 5 in Invocations
  9365 | D:9      | Reached XP level 11. HP: 66/66 MP: 14/14
  9407 | D:9      | Killed Erolcha
  9527 | D:9      | Found a sacrificial altar of Ru.
  9527 | D:9      | Found a glowing golden altar of the Shining One.
  9916 | D:10     | Entered Level 10 of the Dungeon
 10082 | D:10     | Reached ***** piety under Okawaru
 10227 | D:10     | Noticed Urug
 10253 | D:10     | Killed Urug
 10253 | D:10     | Reached skill level 13 in Maces & Flails
 10287 | D:10     | Received a gift from Okawaru
 10524 | D:10     | Noticed Maurice
 10669 | D:10     | Killed an unseen horror
 10758 | D:10     | Found Egon's Magic Scroll Emporium.
 10971 | D:10     | Killed Maurice
 11261 | D:11     | Noticed a hill giant
 11277 | D:11     | Killed a hill giant
 11277 | D:11     | Received a gift from Okawaru
 11490 | D:11     | Reached ****** piety under Okawaru
 11670 | D:11     | Reached XP level 12. HP: 73/73 MP: 16/16
 11727 | D:11     | Got a smoking mace
 11729 | D:11     | Identified the +8 mace of George's Woe {holy, *Drain Int+5 Dex+7} (You found it on level 11 of the Dungeon)
 12804 | D:12     | Got a twisted ring mail
 12820 | D:12     | Identified the +7 ring mail of the Seven Wishes {rF++} (You found it on level 12 of the Dungeon)
 12859 | D:12     | Found Efestra's Book Emporium.
 12950 | D:12     | Got an opal-encrusted ring mail
 12961 | D:12     | Identified the +8 ring mail "Inoaw" {rPois Int-4 SInv Stlth+} (You found it on level 12 of the Dungeon)
 13136 | D:12     | Found a staircase to the Orcish Mines.
 13493 | Lair:1   | Entered Level 1 of the Lair of Beasts
 14279 | Lair:2   | Found a labyrinth entrance.
 14289 | Lab      | Entered a labyrinth
 14792 | Lab      | Noticed a minotaur
 14823 | Lab      | Killed a minotaur
 14826 | Lab      | Got a blackened ring mail
 14841 | Lab      | Identified the +5 ring mail of the Camelopard {rCorr Str+3} (You took it off a minotaur in a labyrinth)
 15089 | Lair:2   | Noticed a five-headed hydra
 15104 | Lair:2   | Killed a five-headed hydra
 15246 | Lair:2   | Noticed Erica
 15263 | Lair:2   | Killed Erica
 15263 | Lair:2   | Received a gift from Okawaru
 15795 | Lair:3   | Reached XP level 13. HP: 74/80 MP: 19/19
 15940 | Lair:3   | Reached skill level 14 in Maces & Flails
 15946 | Lair:3   | Reached skill level 10 in Shields
 16794 | Lair:4   | Received a gift from Okawaru
 17071 | Lair:3   | Reached skill level 10 in Fighting
 17543 | Lair:4   | Reached skill level 10 in Armour
 18399 | Lair:5   | Received a gift from Okawaru
 18432 | Lair:5   | Got a slimy cloak {god gift}
 18443 | Lair:5   | Identified the +4 cloak "Ipniudd" {rCorr Int-4 Dex+5} (Okawaru gifted it to you on level 5 of the Lair of Beasts)
 18550 | Lair:5   | Found a hole to the Spider Nest.
 18752 | Lair:5   | Found a staircase to the Swamp.
 19459 | Lair:6   | Gained mutation: Your large and strong wings let you fly indefinitely. [Gargoyle growth]
 19459 | Lair:6   | Reached XP level 14. HP: 49/88 MP: 21/21
 19857 | Lair:6   | Noticed Kirke
 19885 | Lair:6   | Killed Kirke
 20688 | Lair:7   | Found a viscous altar of Jiyva.
 20688 | Lair:7   | Found a staircase to the Slime Pits.
 20803 | Lair:7   | Received a gift from Okawaru
 20836 | Lair:7   | Reached skill level 15 in Maces & Flails
 21657 | Lair:8   | Entered Level 8 of the Lair of Beasts
 22403 | Lair:8   | Received a gift from Okawaru
 22675 | Lair:8   | Reached XP level 15. HP: 95/97 MP: 22/22
 22988 | Lair:8   | Noticed Maud
 22999 | Lair:8   | Killed Maud
 23415 | Lair:8   | Found a burning altar of Makhleb.
 23538 | Lair:8   | Found a gateway to Hell.
 23866 | Orc:1    | Entered Level 1 of the Orcish Mines
 24567 | Orc:2    | Found a frozen archway.
 24601 | IceCv    | Entered an ice cave
 24767 | IceCv    | Received a gift from Okawaru
 25676 | Orc:1    | Noticed Gastronok
 25694 | Orc:1    | Killed Gastronok
 26237 | Orc:3    | Received a gift from Okawaru
 26358 | Orc:3    | Found a roughly hewn altar of Beogh.
 26406 | Orc:3    | Found a roughly hewn altar of Beogh.
 26761 | Orc:4    | Entered Level 4 of the Orcish Mines
 26979 | Orc:4    | Found a staircase to the Elven Halls.
 27240 | Orc:4    | Found a roughly hewn altar of Beogh.
 27315 | Orc:4    | Found a roughly hewn altar of Beogh.
 27519 | Orc:4    | Reached skill level 16 in Maces & Flails
 28219 | Orc:4    | Found Nainigeb's General Store.
 28242 | Orc:4    | Reached XP level 16. HP: 90/104 MP: 23/23
 28328 | Orc:4    | Found Feti's General Store.
 28329 | Orc:4    | Found Ibet's Book Shop.
 28342 | Orc:4    | Found Diof's Food Shop.
 28358 | Orc:4    | Bought a scroll of identify for 36 gold pieces
 28358 | Orc:4    | Bought a scroll of identify for 36 gold pieces
 28685 | Spider:1 | Entered Level 1 of the Spider Nest
 29130 | Spider:1 | Noticed Roxanne
 30265 | Spider:1 | Received a gift from Okawaru
 30698 | Spider:1 | Reached skill level 1 in Dodging
 31342 | Spider:1 | Received a gift from Okawaru
 31470 | Spider:1 | HP: 4/106 [Roxanne/orb of energy (20)]
 31478 | Spider:1 | Killed Roxanne
 31480 | Spider:1 | Identified Roxanne's Collected Works on Clay (You took it off Roxanne on level 1 of the Spider Nest)
 31488 | Spider:1 | Gained mutation: You are robust (+10% HP). [potion of beneficial mutation]
 31489 | Spider:1 | Gained mutation: Your skin changes colour to match your surroundings (Stealth). [potion of beneficial mutation]
 32981 | Spider:2 | Received a gift from Okawaru
 33100 | Spider:2 | Identified a scroll of acquirement
 33101 | Spider:2 | Got a slimy wooden ring
 33103 | Spider:2 | Identified the ring of the Hero {MP+9 Str+4 SInv} (You acquired it on level 2 of the Spider Nest)
 33539 | Spider:3 | Reached XP level 17. HP: 94/123 MP: 24/24
 34322 | Spider:4 | Entered Level 4 of the Spider Nest
 34786 | Spider:4 | Noticed Asterion
 34816 | Spider:4 | Killed Asterion
 34825 | Spider:4 | Noticed Arachne
 34835 | Spider:4 | Received a gift from Okawaru
 34850 | Spider:4 | Killed Arachne
 34850 | Spider:4 | Reached skill level 15 in Fighting
 34850 | Spider:4 | Reached skill level 17 in Maces & Flails
 35945 | Spider:4 | Reached skill level 15 in Shields
 36366 | Spider:3 | Reached skill level 5 in Dodging
 36747 | Spider:4 | Received a gift from Okawaru
 36835 | Spider:4 | Reached skill level 15 in Armour
 36857 | Spider:4 | Noticed Mara
 36864 | Spider:4 | Noticed George's illusion
 36884 | Spider:4 | Killed Mara
 37103 | Spider:4 | Reached XP level 18. HP: 128/130 MP: 22/25
 37109 | Spider:4 | Received a gift from Okawaru
 37522 | Spider:4 | Got a gossamer rune of Zot
 38007 | Swamp:1  | Entered Level 1 of the Swamp
 38322 | Swamp:1  | Received a gift from Okawaru
 38323 | Swamp:1  | Got a scorched ring mail {god gift}
 38334 | Swamp:1  | Identified the +1 ring mail of Birdsong {rF+ Regen+ SInv} (Okawaru gifted it to you on level 1 of the Swamp)
 38385 | Swamp:1  | Noticed Nikola
 38553 | Swamp:1  | Gained mutation: You have sharp fingernails. [potion of beneficial mutation]
 38686 | Swamp:1  | Killed Nikola
 39941 | Swamp:3  | Noticed Donald
 39989 | Swamp:3  | Killed Donald
 40023 | Swamp:3  | Got a faintly humming shield {Donald}
 40034 | Swamp:3  | Identified the +2 shield of Waelal {rElec Str+7} (You took it off Donald on level 3 of the Swamp)
 40611 | Swamp:4  | Entered Level 4 of the Swamp
 41032 | Swamp:4  | Received a gift from Okawaru
 41453 | Swamp:4  | Got a decaying rune of Zot
 41976 | Elf:1    | Entered Level 1 of the Elven Halls
 42153 | Elf:1    | Reached XP level 19. HP: 121/137 MP: 26/26
 42641 | Elf:1    | Found Raod's Distillery.
 42650 | Elf:1    | Bought a potion of curing for 48 gold pieces
 42839 | Elf:1    | Received a gift from Okawaru
 43016 | Elf:2    | Noticed patman's ghost (veteran CeBe)
 43164 | Elf:2    | Killed patman's ghost
 43331 | Elf:2    | Reached skill level 18 in Maces & Flails
 43510 | Elf:2    | Found a runed gate.
 43510 | Elf:2    | Found a runed gate.
 43511 | Elf:2    | Found a runed gate.
 44332 | Elf:3    | Entered Level 3 of the Elven Halls
 44544 | Elf:3    | Received a gift from Okawaru
 44994 | Elf:3    | Noticed a Brimstone Fiend
 45007 | Elf:3    | Received a gift from Okawaru
 45015 | Elf:3    | Reached XP level 20. HP: 52/146 MP: 27/27
 45017 | Elf:3    | HP: 7/146 [deep elf master archer/arrow of flame (2)]
 45631 | Elf:3    | Got a warped morningstar
 45632 | Elf:3    | Identified the +8 morningstar "Goblinbane" {flame, rElec rPois rC+ Dex-4} (You found it on level 3 of the Elven Halls)
 45664 | Elf:3    | Gained mutation: You are surrounded by a mild repulsion field (EV +2). [potion of beneficial mutation]
 45671 | Elf:3    | Identified the Disquisition on Protection (You found it on level 3 of the Elven Halls)
 45675 | Elf:3    | Identified the Tome of Hurtful Flames
 45849 | Elf:3    | Identified the Compendium of the Mountains
 45873 | Elf:3    | Upgraded the game from 0.18-a0-731-ga019a5f to 0.18-a0-739-gdae9da8
 45884 | Elf:3    | Learned a level 3 spell: Regeneration
 45888 | Elf:3    | Learned a level 3 spell: Spectral Weapon
 45937 | Elf:3    | Learned a level 2 spell: Repel Missiles
 45940 | Elf:3    | Learned a level 2 spell: Swiftness
 46122 | Elf:1    | Received a gift from Okawaru
 46843 | D:13     | Found Laeghij's Gadget Shop.
 47687 | D:14     | Found a gate to the Vaults.
 48076 | D:15     | Entered Level 15 of the Dungeon
 48475 | D:15     | Found a staircase to the Depths.
 48818 | Vaults:1 | Entered Level 1 of the Vaults
 49014 | Vaults:1 | Received a gift from Okawaru
 49021 | Vaults:1 | Got a pair of encrusted boots {god gift}
 49027 | Vaults:1 | Identified the +2 pair of boots of Lies {+Inv MP+9 Slay-6 Stlth+} (Okawaru gifted it to you on level 1 of the Vaults)
 49067 | Vaults:1 | Reached skill level 1 in Hexes
 49385 | Vaults:1 | Reached skill level 1 in Necromancy
 49385 | Vaults:1 | Reached skill level 1 in Air Magic
 49403 | Vaults:1 | Reached skill level 1 in Charms
 49524 | Vaults:1 | Reached skill level 19 in Maces & Flails
 49904 | Vaults:2 | Reached XP level 21. HP: 154/154 MP: 28/28
 50097 | Vaults:2 | Found Tikedih's Weapon Emporium.
 50255 | Vaults:2 | Received a gift from Okawaru
 50259 | Vaults:2 | Reached skill level 10 in Dodging
 51195 | Vaults:3 | Received a gift from Okawaru
 51232 | Vaults:3 | Got a spiked chain mail
 51243 | Vaults:3 | Identified the +0 chain mail "Usohav" {*Contam rF+ SInv Stlth+} (You found it on level 3 of the Vaults)
 51295 | Vaults:3 | Found a staircase to the Crypt.
 51295 | Vaults:3 | Found a basalt altar of Yredelemnul.
 51296 | Vaults:3 | Found an ancient bone altar of Kikubaaqudgha.
 51744 | Vaults:3 | Received a gift from Okawaru
 51954 | Vaults:3 | Found Ohavvuij's Jewellery Shoppe.
 52877 | Vaults:4 | Reached XP level 22. HP: 133/161 MP: 29/29
 53058 | Vaults:4 | Received a gift from Okawaru
 53765 | Crypt:1  | Entered Level 1 of the Crypt
 53931 | Crypt:1  | Reached skill level 5 in Hexes
 54009 | Crypt:1  | Identified a +1 rod of inaccuracy (11/11) (You found it on level 1 of the Crypt)
 54113 | Crypt:1  | Reached skill level 5 in Charms
 54165 | Crypt:1  | Received a gift from Okawaru
 54890 | Crypt:2  | Got a glittering bone ring
 54892 | Crypt:2  | Identified the cursed ring of the Hundredfold Orbs {rPois rN+ Str+5 Int-2} (You found it on level 2 of the Crypt)
 55484 | Crypt:3  | Entered Level 3 of the Crypt
 55506 | Crypt:3  | Reached skill level 1 in Spellcasting
 55510 | Crypt:3  | Reached skill level 5 in Air Magic
 55749 | Crypt:3  | Reached skill level 5 in Necromancy
 55973 | Crypt:3  | Reached XP level 23. HP: 161/168 MP: 30/30
 56093 | Crypt:3  | Received a gift from Okawaru
 56093 | Crypt:3  | Reached skill level 20 in Maces & Flails
 56181 | Crypt:3  | Gained mutation: You are clumsy. (Dex -2) [a cacodemon]
 56281 | Crypt:3  | Found an ancient bone altar of Kikubaaqudgha.
 56281 | Crypt:3  | Noticed an ancient lich
 56293 | Crypt:3  | Killed an ancient lich
 56409 | Crypt:3  | Got a faintly glowing flail
 56411 | Crypt:3  | Identified the Tome of Feathery Toxins
 56416 | Crypt:3  | Identified the +7 flail of Bile {crush, Str+3 Dex+2} (You found it on level 3 of the Crypt)
 56439 | Crypt:3  | Noticed Sojobo
 56492 | Crypt:3  | Killed from afar by a tengu reaver

Vault maps used:
D:1:      dpeg_chamrin_arrival_tetris, corner_web_ring
D:2:      first_bread, minmay_misc_feat_plants
D:3:      wad_river_or_something, lemuel_coloured_pillars_altar,
          johnstein_pakellas_dig, uniq_natasha
D:4:      gammafunk_temple_overflow_elements
D:5:      serial_shops, shop, nicolae_shop_behind_doors, nicolae_shop_crystal,
          nicolae_shop_waterfront
D:6:      minmay_temple_entry_metal_lava, portal_sewer_entry_e,
          hangedman_decor_riveting
D:7:      cheibriados_altar_1, uniq_pikel, uniq_prince_ribbit1, uniq_joseph
D:8:      david_lair_shrubbed
D:9:      gammafunk_temple_overflow_wave, amethyst_killhole, uniq_psyche,
          uniq_erolcha
D:10:     serial_shops, shop, uniq_maurice, uniq_urug
D:11:     hangedman_little_slice_of_home
D:12:     hiddenorc1_lemuel, serial_shops, nicolae_shop_behind_doors,
          minmay_misc_feat_enclosed
D:13:     serial_shops, kennysheep_mini
D:14:     lightli_vaults_fourway_checkpoint, minmay_misc_feat_tiny,
          minmay_misc_feat_more_columns, st_stairs_12
D:15:     grunt_enter_depths_hoard, minivault_14, minivault_19,
          einodemon_crawler_minivault
Temple:   nicolae_temple_figure_eight
Lair:1:   beast_lair_carwin_6
Lair:2:   lab_entry_generic, st_stairs_3, uniq_erica
Lair:4:   grunt_forest_large_clearings, grunt_megastairs_2
Lair:5:   swamp_mist, spider_nest_entry_webs, grunt_megastairs_4
Lair:6:   bh_autumn_forest_stairs, uniq_kirke
Lair:7:   dpeg_slime_entry_enclosed_altar
Lair:8:   evil_forest, serial_bayou_shore_a, uniq_maud
Swamp:1:  nicolae_swamp_fairy_circle, infiniplex_staircase_pool, uniq_nikola
Swamp:2:  hangedman_swamp_diagram
Swamp:3:  nicolae_swamp_very_dense_foliage, uniq_donald
Swamp:4:  swamp
Spider:1: spiders_nest_a, guppyfry_spider_mini_1, uniq_roxanne
Spider:4: spider_rune_water, uniq_asterion, uniq_arachne, uniq_mara
Orc:1:    mines3_lemuel, uniq_gastronok
Orc:2:    lemuel_ogre_cave, portal_ice_cave_entry_ice_beasts
Orc:3:    nicolae_orc_pool_cavern, nicolae_orc_damp_corner,
          hangedman_feature_mirror, mines_bat_river
Orc:4:    st_orc_elflike, basic_altar, minmay_orc_temple_a
Elf:1:    elf_arrival_002, serial_shops, shop, hangedman_corner_corridor,
          minivault_11
Elf:2:    nooodl_food_tri
Elf:3:    grunt_elf_hall_branching, hex_medium, basic_stair_grate_trap
Vaults:1: vaults_mumra_lcd, vaults_standard_mumra_lines,
          nicolae_vaults_know_your_exits, nicolae_vaults_circle_grid_b,
          vaults_mumra_hexcomb, vaults_dpeg_ring, v_pattern_5, serial_ice_g
Vaults:2: nicolae_vaults_diagonal_hallway_8, v_misc_33,
          hangedman_vaults_stretched_pinwheel, vaults_room_hallway,
          nicolae_vaults_hallways_thing, v_pattern_3, vaults_room_door_hall,
          hangedman_vaults_stagger, v_misc_3, hangedman_vaults_maws,
          vaults_room_hallway, nicolae_vaults_little_squares_4,
          vaults_room_hallway, vaults_dpeg_cross, serial_shops, shop
Vaults:3: nicolae_vaults_big_ls, nicolae_vaults_puzzle_piece,
          minmay_crypt_entry_necro_gods, nicolae_vaults_twisting_passages,
          v_misc_2, vaults_dpeg_doors, hangedman_vaults_restitches,
          vaults_mumra_bighexcomb, hangedman_vaults_stream,
          ontoclasm_vaults_gateway, serial_shops, shop_statue
Vaults:4: vaults_room_door_ring, vaults_room_glass_cross,
          hangedman_vaults_unwind, vaults_standard_mumra_x, v_pattern_1,
          v_rooms_3, ontoclasm_vaults_idyll, ontoclasm_vaults_ring_small,
          vaults_room_hallway, v_misc_9, hangedman_vaults_impose,
          hangedman_vaults_restitches
Crypt:1:  st_stairs_13, minmay_strange_pillars, grunt_crypt_arrival_split
Crypt:2:  small_chamber_with_monster
Crypt:3:  cryptofortress_bobbens, uniq_sojobo
Lab:      labyrinth_watery, labyrinth_skeletal_remains,
          nicolae_lab_very_dead_end, labyrinth_fake_exit
Sewer:    sewer_minmay_treatment
IceCv:    ice_cave_small_demon

Action                   |  1- 3 |  4- 6 |  7- 9 | 10-12 | 13-15 | 16-18 | 19-21 | 22-24 || total
-------------------------+-------+-------+-------+-------+-------+-------+-------+-------++-------
Melee: Flail             |   140 |   234 |   588 |   430 |       |       |       |       ||  1392
       Unarmed           |       |     5 |       |       |       |       |       |       ||     5
       Mace              |       |       |       |   692 |       |       |       |       ||   692
       Morningstar       |       |       |       |    87 |       |       |       |       ||    87
       Eveningstar       |       |       |       |    25 |  1932 |  2154 |  2083 |   898 ||  7092
       Demon whip        |       |       |       |       |    11 |       |       |       ||    11
Invok: Heroism           |       |       |       |     1 |     3 |     8 |     2 |     1 ||    15
       Finesse           |       |       |       |     1 |     3 |     8 |     2 |     1 ||    15
 Abil: Fly               |       |       |       |       |     1 |     3 |       |       ||     4
Evoke: Wand              |       |       |     3 |     5 |     3 |     1 |       |       ||    12
  Use: Scroll            |       |       |    13 |    11 |     2 |    12 |     8 |       ||    46
       Potion            |       |       |     2 |       |     1 |     6 |     4 |       ||    13
 Stab: Sleeping          |       |       |       |     1 |       |     6 |     8 |     3 ||    18
       Held in net/web   |       |       |       |       |       |     3 |       |       ||     3
       Distracted        |       |       |       |       |       |     2 |     2 |     1 ||     5
       Confused          |       |       |       |       |       |     2 |       |       ||     2
  Eat: Chunk             |     1 |     6 |     9 |    24 |    43 |    36 |    36 |     7 ||   162
       Fruit             |       |       |     1 |       |       |       |       |       ||     1
       Meat ration       |       |       |     1 |       |       |       |       |     1 ||     2
       Royal jelly       |       |       |       |     2 |       |     5 |       |       ||     7
       Pizza             |       |       |       |       |       |     2 |       |     1 ||     3
